 Dungeon Crawl Stone Soup version 0.29-a0-330-g52719c12eb (webtiles) character file.

Game seed: 6233838377866278021

1045 dohliylev the Ruffian (level 8, -4/78 HPs)
             Began as a Troll Warper on May 11, 2022.
             Slain by a killer bee (5 damage)
             ... on level 5 of the Dungeon.
             The game lasted 00:11:29 (3477 turns).

dohliylev the Ruffian (Troll Warper)                Turns: 3477, Time: 00:11:30

Health: -4/78      AC:  4    Str: 22    XL:     8   Next: 4%
Magic:  7/10       EV: 11    Int:  9    God:
Gold:   226        SH:  0    Dex: 15    Spells: 6/11 levels left

rFire   . . .      SeeInvis .     - Unarmed
rCold   . . .      Faith    .   (no shield)
rNeg    . . .      Spirit   .   a - +0 robe
rPois   .          Reflect  .   (helmet restricted)
rElec   .          Harm     .   (no cloak)
rCorr   .          Rampage  .   (gloves unavailable)
Will    +....                   (boots unavailable)
Stlth   +.........              (no amulet)
HPRegen 1.03/turn               f - ring of willpower
MPRegen 0.12/turn               v - +6 ring of dexterity

@: no status effects
A: large, unfitting armour, claws 3, regeneration 1, shaggy fur 1, tough skin 1
a: no special abilities


You were on level 5 of the Dungeon.
You visited 1 branch of the dungeon, and saw 5 of its levels.

You collected 226 gold pieces.

Inventory:

Missiles
 c - 3 boomerangs of dispersal
 w - 2 boomerangs (quivered)
Armour
 a - a +0 robe (worn)
Jewellery
 f - a ring of willpower (left claw)
 v - a +6 ring of dexterity (right claw)
 A - a ring of fire
Wands
 q - a wand of flame (18)
Scrolls
 e - 4 scrolls of enchant weapon {unknown}
 h - a scroll of fog {unknown}
 k - 4 scrolls of noise {unknown}
 l - 2 scrolls of summoning {unknown}
 p - 5 scrolls of identify {unknown}
 r - 2 scrolls of amnesia {unknown}
 s - 2 scrolls of magic mapping {unknown}
 u - 3 scrolls of teleportation {unknown}
 y - a scroll of enchant armour {unknown}
Potions
 d - a potion of haste {unknown}
 g - 3 potions of curing {unknown}
 i - 2 potions of brilliance {unknown}
 j - a potion of lignification {unknown}
 m - 4 potions of might {unknown}
 n - a potion of magic {unknown}
 o - a potion of flight {unknown}
 t - a potion of berserk rage {unknown}
 x - a potion of heal wounds
 z - a potion of ambrosia {unknown}


   Skills:
 * Level 3.8 Fighting
 + Level 1.5 Throwing
 + Level 3.5 Dodging
 + Level 6.0 Unarmed Combat
 + Level 2.2 Spellcasting
 + Level 3.2 Translocations


You had 6 spell levels left.
You knew the following spells:

 Your Spells              Type           Power      Damage    Failure   Level
a - Lesser Beckoning      Tloc           6%         N/A       26%         3
b - Blink                 Tloc           12%        N/A       13%         2

Your spell library contained the following spells:

 Spells                   Type           Power      Damage    Failure   Level
 Gell's Gravitas          Tloc           6%         N/A       26%         3
 Teleport Other           Tloc           6%         N/A       26%         3
 Conjure Flame            Conj/Fire      1%         6-21      69%         3
 Ignite Poison            Fire/Tmut/Pois 1%         N/A       69%         3
 Manifold Assault         Tloc           6%         N/A       94%         5
 Sticky Flame             Conj/Fire      1%         2d3       97%         4


Dungeon Overview and Level Annotations

Branches:
Dungeon (5/15)
 Temple: D:4-7

Altars:
Makhleb
Qazlal
Trog

Shops:
D:2 :   D:5 !

Annotations:
D:5 Edmund


Innate Abilities, Weirdness & Mutations

You are too large for most types of armour.
You have claws for hands.
Your natural rate of healing is unusually fast.
You are covered in fur. (AC +1)
You have tough skin. (AC +1)


Message History

You feel sick. The killer bee closely misses you.
You scratch the killer bee but do no damage.
You feel sick. The killer bee stings you.
* * * LOW HITPOINT WARNING * * *
You closely miss the killer bee.
You feel sick. The killer bee barely misses you.
The killer bee completely misses you.
You are too injured to fight recklessly!
You are too injured to fight recklessly!
You are too injured to fight recklessly!
There are monsters nearby!
You feel stable enough to blink again.
You feel sick. The killer bee stings you!
* * * LOW HITPOINT WARNING * * *
The killer bee stings you.
* * * LOW HITPOINT WARNING * * *
You claw the killer bee! You claw the killer bee.
The killer bee is severely wounded.
You feel sick.
You are no longer poisoned.
The killer bee stings you.
* * * LOW HITPOINT WARNING * * *
You barely miss the killer bee.
The killer bee is severely wounded.
The killer bee closely misses you.
The killer bee stings you but does no damage.
You barely miss the killer bee.
The killer bee is severely wounded.
The killer bee closely misses you.
The killer bee stings you but does no damage.
You claw the killer bee!
You kill the killer bee!
The killer bee barely misses you.
You barely miss the killer bee. The killer bee barely misses you.
You closely miss the killer bee. The killer bee stings you.
* * * LOW HITPOINT WARNING * * *
The killer bee stings you but does no damage.
You closely miss the killer bee. The killer bee stings you.
* * * LOW HITPOINT WARNING * * *
The killer bee stings you.
You die...

##....### ##..##
#.## ##.# #.## #..##
### #...### ###.##
#..#...####....#
#.####.@##.....#
###### #..#
###yo.....#
##....###.#
#...o....#
#.........#
##........#
8...8.....##
#.........### #
...........#
#........o..### #.
..<........#
#..........#...###..
.........#
#.........####......
∩...8..###
#.........# ##.....


You could see a killer bee, an orc wizard and 2 orcs.

Vanquished Creatures
  Grinder (D:3)
  A sky beast (D:5)
  Blork the orc (D:3)
  2 bullfrogs (D:4)
  2 necrophages
  2 scorpions
  A killer bee (D:5)
  A hound (D:5)
  An orc priest (D:3)
  2 orc wizards
  Ijyb (D:2)
  7 adders
  An ufetubus (D:5)
  3 worms
  12 orcs
  4 endoplasms
  5 giant cockroaches
  13 goblins
  11 hobgoblins
  4 jackals (D:1)
  3 kobolds
  A quokka (D:2)
  A ball python (D:4)
  5 bats
  A frilled lizard (D:1)
  3 rats
89 creatures vanquished.

Vanquished Creatures (others)
  4 plants (D:3)
4 creatures vanquished.

Grand Total: 93 creatures vanquished

Notes
Turn   | Place    | Note
-------+----------+-------------------------------------------
     0 | D:1      | dohliylev the Troll Warper began the quest for the Orb.
     0 | D:1      | Reached XP level 1. HP: 19/19 MP: 1/1
   108 | D:1      | Reached XP level 2. HP: 28/28 MP: 3/3
   283 | D:1      | Found a faded altar of an unknown god.
   741 | D:2      | Noticed a necrophage
   753 | D:2      | Killed a necrophage
   754 | D:2      | Reached skill level 3 in Unarmed Combat
   754 | D:2      | Reached XP level 3. HP: 14/35 MP: 4/4
   754 | D:2      | Reached XP level 4. HP: 17/42 MP: 5/5
   758 | D:2      | Learned a level 3 spell: Lesser Beckoning
   849 | D:2      | Found Caclyh's Book Shop.
   911 | D:2      | Noticed Ijyb
   947 | D:2      | Killed Ijyb
   948 | D:2      | Reached skill level 1 in Throwing
   957 | D:2      | Reached XP level 5. HP: 19/49 MP: 6/6
  1090 | D:2      | You fall into a shaft and drop 2 floors!
  1090 | D:4      | Found a bloodstained altar of Trog.
  1141 | D:5      | Entered Level 5 of the Dungeon
  1141 | D:5      | Found Ucusu's Distillery.
  1203 | D:4      | Reached skill level 4 in Unarmed Combat
  1502 | D:3      | Reached XP level 6. HP: 42/59 MP: 7/7
  1621 | D:3      | Noticed Grinder
  1887 | D:3      | Paralysed by Grinder for 2 turns
  1893 | D:3      | Killed Grinder
  1894 | D:3      | Reached XP level 7. HP: 25/67 MP: 2/8
  2422 | D:4      | Noticed Blork the orc
  2439 | D:3      | Killed Blork the orc
  2440 | D:3      | Reached skill level 5 in Unarmed Combat
  2640 | D:4      | Found a burning altar of Makhleb.
  2973 | D:4      | Learned a level 2 spell: Blink
  3301 | D:5      | Found a stormy altar of Qazlal.
  3425 | D:5      | Reached XP level 8. HP: 78/78 MP: 10/10
  3430 | D:5      | Noticed a +0 short sword
  3430 | D:5      | Noticed a +0 dagger
  3431 | D:5      | Noticed a +0 dagger
  3432 | D:5      | Noticed a +0 short sword
  3437 | D:5      | Noticed a +0 falchion
  3438 | D:5      | Reached skill level 6 in Unarmed Combat
  3439 | D:5      | Noticed a +0 spear
  3455 | D:5      | Noticed Edmund
  3471 | D:5      | HP: 1/78 [killer bee (6)]
  3476 | D:5      | HP: 3/78 [killer bee (2)]
  3477 | D:5      | HP: 1/78 [killer bee (3)]
  3477 | D:5      | Slain by a killer bee

Illustrated notes

Levels and vault maps discovered:
D:1:      tarquinn_simple_flora_water_f, layout_basic,
          hellmonk_ecumenical_altar_blasted
D:2:      kennysheep_the_goblin_king, layout_rooms, serial_shops, shop,
          kennysheep_decorative_pillar, dk_noncrumbling_2, minmay_tromino_v7
D:3:      layout_loops_cross, serial_bayou_ford_a, minmay_goblin_outpost,
          uniq_grinder
D:4:      layout_loops_cross, mainiacjoe_overflow_tiny_flanked,
          mainiacjoe_overflow_brackets, kennysheep_generic_room_8,
          uniq_blork_the_orc
D:5:      layout_cave_pods, lemuel_crystal_altar, nicolae_uskayaw_en_pointe,
          serial_shops, nicolae_stop_n_shop_1, uniq_edmund

Skill      XL: |  1  2  3  4  5  6  7  8 |
---------------+-------------------------+-----
Dodging        | 2 3 |  3.5
Fighting       | 2 3 |  3.8
Unarmed Combat | 3 4 5 6 |  6.0
Throwing       | 1 |  1.5
Translocations | 3 |  3.2
Spellcasting   | 2 |  2.2

Action                   |  1- 3 |  4- 6 |  7- 9 || total
-------------------------+-------+-------+-------++-------
Melee: Unarmed           |    73 |   151 |   102 ||   326
       Punch             |       |     4 |     1 ||     5
Throw: Boomerang         |       |     4 |    20 ||    24
 Cast: Lesser Beckoning  |       |     6 |     7 ||    13
       Blink             |       |       |     2 ||     2
  Use: Scroll            |       |       |     1 ||     1
       Potion            |       |       |     1 ||     1
 Stab: Sleeping          |     1 |       |       ||     1
Armor: Robe              |    33 |    51 |    34 ||   118
Dodge: Dodged            |    29 |    82 |    64 ||   175

Table legend: (Time is in decaauts)
 A = Elapsed time spent in this place.
 B = Non-inter-level travel time spent in this place.
 C = Inter-level travel time spent in this place.
 D = Time resting spent in this place.
 E = Time spent auto-exploring this place.
 F = Levels seen in this place.
 G = Mean time per level.
                   A        B        C        D        E       F      G
               +--------+--------+--------+--------+--------+-----+--------+
         Total |   3468 |   3342 |    126 |    305 |   2117 |   5 |  693.6 |
       Dungeon |   3468 |   3342 |    126 |    305 |   2117 |   5 |  693.6 |
               +--------+--------+--------+--------+--------+-----+--------+

Top non-repeatable levels by time:
     D:3: 994 daAuts
     D:4: 862 daAuts
     D:1: 717 daAuts
     D:2: 589 daAuts
     D:5: 304 daAuts
